[ AOE2 MATCH · #459960568 ]
Team RMWei vs Italians
[ REPLAY ANALYSIS · EXTRACTED FROM THE RECORDED GAME ]
Feudal
10:07
Castle
13:52
Imperial
28:26
| APM avg | 44.6 |
| APM peak | 94 |
| eAPM avg | 31.5 |
| Villagers / military | 186 / 53 |
Focus
⚔️ 28.1% · 🌾 71.9%
Unknown (1952) ×49 · Scout Cavalry ×36 · Unknown (1944) ×28 · Spearman ×11 · Monk ×3 · Skirmisher ×3
Feudal
11:21
Castle
14:51
Imperial
28:00
| APM avg | 32.0 |
| APM peak | 65 |
| eAPM avg | 20.9 |
| Villagers / military | 144 / 108 |
Focus
⚔️ 33.8% · 🌾 66.2%
Elephant Archer ×49 · Battle Elephant ×48 · Trade Cart ×9 · Monk ×7 · Trebuchet (Packed) ×4
Feudal
11:09
Castle
14:52
Imperial
27:25
| APM avg | 31.4 |
| APM peak | 91 |
| eAPM avg | 20.9 |
| Villagers / military | 146 / 201 |
Focus
⚔️ 33.6% · 🌾 66.4%
Knight ×149 · Spearman ×48 · Obuch ×3 · Monk ×1
Feudal
11:24
Castle
15:03
Imperial
30:32
| APM avg | 41.7 |
| APM peak | 91 |
| eAPM avg | 24.5 |
| Villagers / military | 122 / 147 |
Focus
⚔️ 31.0% · 🌾 69.0%
Skirmisher ×129 · Conquistador ×14 · Petard ×2 · Bombard Cannon ×2
Feudal
11:01
Castle
16:30
Imperial
28:14
| APM avg | 27.3 |
| APM peak | 95 |
| eAPM avg | 12.8 |
| Villagers / military | 107 / 27 |
Focus
⚔️ 22.3% · 🌾 77.7%
Scout Cavalry ×18 · Cavalry Archer ×6 · Mangonel ×3
Feudal
10:09
Castle
13:41
Imperial
25:48
| APM avg | 39.8 |
| APM peak | 83 |
| eAPM avg | 28.6 |
| Villagers / military | 165 / 182 |
Focus
⚔️ 37.0% · 🌾 63.0%
Spearman ×154 · Unknown (882) ×73 · Battering Ram ×20 · Militia ×6 · Petard ×2
Feudal
10:56
Castle
14:51
Imperial
27:16
| APM avg | 38.4 |
| APM peak | 82 |
| eAPM avg | 18.2 |
| Villagers / military | 88 / 57 |
Focus
⚔️ 30.4% · 🌾 69.6%
Genoese Crossbowman ×45 · Unknown (882) ×18 · Trebuchet (Packed) ×6 · Scorpion ×3 · Battering Ram ×2 · Bombard Cannon ×1
Feudal
10:06
Castle
13:47
Imperial
26:16
| APM avg | 40.4 |
| APM peak | 70 |
| eAPM avg | 27.2 |
| Villagers / military | 190 / 85 |
Focus
⚔️ 38.2% · 🌾 61.8%
Unknown (882) ×108 · Battle Elephant ×72 · Battering Ram ×9 · Spearman ×2 · Monk ×1 · Scorpion ×1
Match map
Initial resources + every placement click. Lines = walls · curves = elevation contours. ◆ gold · ⬟ stone · ● berries · ✦ relic · ◌ wall gap
Your base· ✓ Closed at 13:52 · 0t walls · 2 gate(s)
哪波你拉扯了's base· ✓ Closed at 14:51 · 0t walls · 2 gate(s)
方中's base· ✓ Closed at 14:52 · 0t walls · 3 gate(s)
小溪狗's base· ✓ Closed at 15:03 · 0t walls · 2 gate(s)
雀巢阿帆's base· ✓ Closed at 16:30 · 0t walls · 2 gate(s)
大儒炸鱼号's base· ✓ Closed at 13:41 · 0t walls · 3 gate(s)
yuyuyuyuyu's base· ✓ Closed at 14:51 · 0t walls · 3 gate(s)
.'s base· ✓ Closed at 13:47 · 0t walls · 3 gate(s)
Smoothed initial terrain · ◌ = detected wall gap · hover for details
Inputs per minute
— 飞天的飞 - - 哪波你拉扯了
Build order — 飞天的飞
First 150 of 569 actions detected
| 0:02 | Create | Villager (Male) |
| 0:02 | Create | Villager (Male) |
| 0:02 | Create | Villager (Male) |
| 0:04 | Build | House |
| 0:05 | Build | House |
| 0:06 | Create | Villager (Male) |
| 1:33 | Create | Villager (Male) |
| 1:49 | Build | Lumber Camp |
| 1:57 | Create | Villager (Male) |
| 2:06 | Create | Villager (Male) |
| 2:30 | Create | Villager (Male) |
| 3:06 | Create | Villager (Male) |
| 3:27 | Build | House |
| 3:28 | Build | House |
| 3:29 | Build | House |
| 3:33 | Create | Villager (Male) |
| 3:34 | Create | Villager (Male) |
| 4:04 | Create | Villager (Male) |
| 4:25 | Create | Villager (Male) |
| 4:40 | Build | Mill |
| 4:56 | Create | Villager (Male) |
| 4:56 | Create | Villager (Male) |
| 5:16 | Create | Villager (Male) |
| 5:23 | Create | Villager (Male) |
| 5:47 | Create | Villager (Male) |
| 6:10 | Create | Villager (Male) |
| 6:10 | Create | Villager (Male) |
| 7:02 | Build | Farm |
| 7:06 | Build | Farm |
| 7:12 | Build | Farm |
| 7:48 | Build | Mining Camp |
| 7:55 | Research | Feudal Age |
| 9:31 | Create | Villager (Male) |
| 9:31 | Create | Villager (Male) |
| 10:07 | Age | Feudal Age |
| 10:08 | Build | Market |
| 10:12 | Build | Blacksmith |
| 10:14 | Build | House |
| 11:05 | Research | Loom |
| 11:12 | Research | Castle Age |
| 11:34 | Research | Horse Collar |
| 11:55 | Research | Double-Bit Axe |
| 12:20 | Build | Farm |
| 12:27 | Build | Farm |
| 13:18 | Create | Villager (Male) |
| 13:52 | Age | Castle Age |
| 13:57 | Build | Town Center |
| 14:02 | Build | Town Center |
| 14:09 | Create | Villager (Male) |
| 14:15 | Research | Bow Saw |
| 14:38 | Create | Villager (Male) |
| 15:00 | Create | Villager (Male) |
| 15:01 | Build | Farm |
| 15:04 | Build | Farm |
| 15:10 | Build | Farm |
| 15:24 | Create | Villager (Male) |
| 15:34 | Create | Villager (Male) |
| 15:39 | Create | Villager (Male) |
| 15:50 | Create | Villager (Male) |
| 15:51 | Create | Villager (Male) |
| 15:57 | Create | Villager (Male) |
| 16:00 | Build | Farm |
| 16:07 | Build | Farm |
| 16:13 | Build | Farm |
| 16:15 | Build | Farm |
| 16:18 | Create | Villager (Male) |
| 16:22 | Create | Villager (Male) |
| 16:25 | Create | Villager (Male) |
| 16:28 | Build | Farm |
| 16:30 | Build | Farm |
| 16:37 | Create | Villager (Male) |
| 16:40 | Create | Villager (Male) |
| 16:42 | Build | House |
| 16:50 | Create | Villager (Male) |
| 16:53 | Build | Farm |
| 16:58 | Build | Farm |
| 17:00 | Create | Villager (Male) |
| 17:00 | Create | Villager (Male) |
| 17:06 | Build | Farm |
| 17:09 | Create | Villager (Male) |
| 17:20 | Build | House |
| 17:25 | Create | Villager (Male) |
| 17:29 | Build | Farm |
| 17:31 | Create | Villager (Male) |
| 17:37 | Build | Farm |
| 17:39 | Create | Villager (Male) |
| 17:47 | Build | Farm |
| 17:49 | Create | Villager (Male) |
| 17:52 | Build | House |
| 17:52 | Build | House |
| 17:53 | Build | House |
| 17:59 | Create | Villager (Male) |
| 18:05 | Build | Farm |
| 18:07 | Create | Villager (Male) |
| 18:12 | Build | Farm |
| 18:20 | Build | Farm |
| 18:22 | Create | Villager (Male) |
| 18:25 | Create | Villager (Male) |
| 18:29 | Create | Villager (Male) |
| 18:43 | Build | House |
| 18:44 | Build | House |
| 18:45 | Build | House |
| 18:47 | Create | Villager (Male) |
| 18:48 | Create | Villager (Male) |
| 18:55 | Create | Villager (Male) |
| 18:58 | Build | Farm |
| 19:02 | Create | Villager (Male) |
| 19:05 | Build | Farm |
| 19:11 | Build | Town Center |
| 19:13 | Create | Villager (Male) |
| 19:14 | Create | Villager (Male) |
| 19:17 | Create | Villager (Male) |
| 19:25 | Create | Villager (Male) |
| 19:27 | Build | Farm |
| 19:30 | Build | Farm |
| 19:32 | Create | Villager (Male) |
| 19:35 | Build | Town Center |
| 19:39 | Create | Villager (Male) |
| 19:43 | Build | Farm |
| 19:48 | Create | Villager (Male) |
| 19:58 | Build | Gate |
| 20:01 | Create | Villager (Male) |
| 20:02 | Create | Villager (Male) |
| 20:05 | Build | Farm |
| 20:13 | Research | Heavy Plow |
| 20:13 | Research | Heavy Plow |
| 20:20 | Create | Villager (Male) |
| 20:23 | Create | Villager (Male) |
| 20:29 | Build | Farm |
| 20:31 | Build | Farm |
| 20:33 | Build | Farm |
| 20:35 | Build | Farm |
| 20:42 | Build | Gate |
| 20:44 | Create | Villager (Male) |
| 20:44 | Create | Villager (Male) |
| 20:46 | Build | House |
| 20:48 | Build | House |
| 20:49 | Build | House |
| 20:49 | Build | House |
| 20:52 | Create | Villager (Male) |
| 20:53 | Create | Villager (Male) |
| 20:54 | Create | Villager (Male) |
| 20:56 | Build | Farm |
| 20:59 | Create | Villager (Male) |
| 21:02 | Build | Farm |
| 21:05 | Create | Villager (Male) |
| 21:06 | Create | Villager (Male) |
| 21:13 | Build | Farm |
| 21:14 | Create | Villager (Male) |
| 21:19 | Build | Farm |
Build order — 哪波你拉扯了
First 150 of 422 actions detected
| 0:00 | Create | Villager (Male) |
| 0:01 | Create | Villager (Male) |
| 0:01 | Create | Villager (Male) |
| 0:02 | Build | House |
| 0:03 | Build | House |
| 0:27 | Create | Villager (Male) |
| 1:34 | Create | Villager (Male) |
| 1:49 | Create | Villager (Male) |
| 2:08 | Build | Lumber Camp |
| 2:14 | Create | Villager (Male) |
| 2:50 | Create | Villager (Male) |
| 2:58 | Create | Villager (Male) |
| 3:27 | Create | Villager (Male) |
| 3:37 | Create | Villager (Male) |
| 3:51 | Build | House |
| 3:52 | Build | House |
| 4:20 | Create | Villager (Male) |
| 4:25 | Create | Villager (Male) |
| 4:31 | Build | House |
| 4:32 | Build | House |
| 4:51 | Create | Villager (Male) |
| 5:02 | Create | Villager (Male) |
| 5:05 | Build | Mill |
| 5:07 | Create | Villager (Male) |
| 5:47 | Create | Villager (Male) |
| 5:57 | Create | Villager (Male) |
| 6:05 | Create | Villager (Male) |
| 6:18 | Build | Mining Camp |
| 6:20 | Create | Villager (Male) |
| 6:30 | Create | Villager (Male) |
| 6:46 | Create | Villager (Male) |
| 7:04 | Create | Villager (Male) |
| 7:40 | Create | Villager (Male) |
| 8:08 | Create | Villager (Male) |
| 8:12 | Build | Farm |
| 8:14 | Build | Farm |
| 8:17 | Build | Farm |
| 8:25 | Build | Farm |
| 8:48 | Research | Feudal Age |
| 9:27 | Create | Villager (Male) |
| 9:27 | Create | Villager (Male) |
| 11:21 | Age | Feudal Age |
| 11:22 | Build | Market |
| 11:23 | Build | Blacksmith |
| 11:27 | Research | Double-Bit Axe |
| 12:09 | Research | Castle Age |
| 12:34 | Research | Horse Collar |
| 12:46 | Build | Farm |
| 12:50 | Build | Farm |
| 13:25 | Build | Farm |
| 14:03 | Research | Wheelbarrow |
| 14:22 | Build | Farm |
| 14:51 | Age | Castle Age |
| 14:52 | Build | Town Center |
| 14:54 | Build | Town Center |
| 14:57 | Research | Bow Saw |
| 14:59 | Build | Monastery |
| 15:00 | Build | House |
| 15:23 | Research | Heavy Plow |
| 15:37 | Create | Villager (Male) |
| 15:40 | Build | House |
| 16:06 | Create | Villager (Male) |
| 16:12 | Build | Farm |
| 16:14 | Build | Farm |
| 16:14 | Build | Farm |
| 16:16 | Build | Farm |
| 16:16 | Create | Villager (Male) |
| 16:17 | Create | Villager (Male) |
| 16:18 | Create | Monk |
| 16:22 | Create | Villager (Male) |
| 16:22 | Create | Villager (Male) |
| 16:26 | Build | Farm |
| 16:27 | Build | Farm |
| 16:31 | Build | Farm |
| 16:39 | Create | Villager (Male) |
| 16:40 | Create | Villager (Male) |
| 16:45 | Build | Farm |
| 16:53 | Build | House |
| 16:54 | Build | House |
| 16:56 | Build | House |
| 16:59 | Create | Villager (Male) |
| 17:05 | Build | Farm |
| 17:09 | Create | Villager (Male) |
| 17:12 | Build | Farm |
| 17:25 | Create | Villager (Male) |
| 17:29 | Create | Villager (Male) |
| 17:34 | Build | Farm |
| 17:39 | Create | Villager (Male) |
| 17:41 | Create | Villager (Male) |
| 17:57 | Create | Villager (Male) |
| 17:59 | Create | Villager (Male) |
| 18:07 | Create | Villager (Male) |
| 18:10 | Create | Villager (Male) |
| 18:23 | Build | House |
| 18:24 | Build | House |
| 18:26 | Create | Villager (Male) |
| 18:34 | Build | Town Center |
| 18:37 | Create | Villager (Male) |
| 18:38 | Create | Villager (Male) |
| 18:42 | Build | Farm |
| 18:44 | Build | Farm |
| 18:48 | Create | Villager (Male) |
| 18:51 | Build | Farm |
| 18:58 | Build | Farm |
| 18:59 | Create | Villager (Male) |
| 19:05 | Build | House |
| 19:06 | Build | House |
| 19:11 | Create | Villager (Male) |
| 19:12 | Create | Villager (Male) |
| 19:16 | Build | Farm |
| 19:18 | Build | Farm |
| 19:19 | Create | Villager (Male) |
| 19:27 | Build | Farm |
| 19:29 | Create | Villager (Male) |
| 19:34 | Create | Villager (Male) |
| 19:36 | Create | Monk |
| 19:48 | Create | Villager (Male) |
| 19:49 | Create | Villager (Male) |
| 19:49 | Create | Villager (Male) |
| 19:51 | Create | Villager (Male) |
| 19:52 | Create | Villager (Male) |
| 20:01 | Build | Town Center |
| 20:03 | Create | Villager (Male) |
| 20:09 | Build | Farm |
| 20:12 | Build | Farm |
| 20:16 | Build | Farm |
| 20:17 | Create | Villager (Male) |
| 20:23 | Build | House |
| 20:24 | Build | House |
| 20:24 | Build | House |
| 20:25 | Build | House |
| 20:28 | Create | Villager (Male) |
| 20:29 | Create | Villager (Male) |
| 20:29 | Create | Villager (Male) |
| 20:45 | Create | Villager (Male) |
| 20:45 | Create | Villager (Male) |
| 20:46 | Create | Villager (Male) |
| 20:47 | Create | Villager (Male) |
| 20:48 | Create | Villager (Male) |
| 20:49 | Build | Farm |
| 20:51 | Create | Villager (Male) |
| 20:57 | Create | Villager (Male) |
| 21:02 | Build | Mill |
| 21:03 | Build | Farm |
| 21:03 | Build | Farm |
| 21:04 | Build | Farm |
| 21:04 | Build | Farm |
| 21:04 | Build | Farm |
| 21:04 | Build | Farm |
| 21:04 | Build | Farm |
Build order — 方中
First 150 of 549 actions detected
| 0:03 | Create | Villager (Male) |
| 0:03 | Create | Villager (Male) |
| 0:04 | Create | Villager (Male) |
| 0:04 | Create | Villager (Male) |
| 0:05 | Build | House |
| 0:07 | Build | House |
| 1:29 | Build | Lumber Camp |
| 1:30 | Create | Villager (Male) |
| 2:07 | Create | Villager (Male) |
| 2:27 | Create | Villager (Male) |
| 2:27 | Create | Villager (Male) |
| 3:00 | Create | Villager (Male) |
| 3:09 | Build | House |
| 3:21 | Create | Villager (Male) |
| 3:31 | Build | House |
| 3:55 | Build | House |
| 4:13 | Create | Villager (Male) |
| 4:13 | Create | Villager (Male) |
| 4:14 | Create | Villager (Male) |
| 5:39 | Create | Villager (Male) |
| 5:39 | Create | Villager (Male) |
| 5:45 | Create | Villager (Male) |
| 5:45 | Create | Villager (Male) |
| 6:10 | Build | Mining Camp |
| 6:34 | Build | Mill |
| 6:39 | Create | Villager (Male) |
| 6:39 | Create | Villager (Male) |
| 6:39 | Create | Villager (Male) |
| 7:03 | Create | Villager (Male) |
| 7:03 | Create | Villager (Male) |
| 7:49 | Build | Farm |
| 8:15 | Build | Farm |
| 8:20 | Research | Feudal Age |
| 8:53 | Build | Farm |
| 10:08 | Create | Villager (Male) |
| 10:22 | Build | Farm |
| 10:55 | Build | Farm |
| 10:59 | Build | Farm |
| 11:09 | Age | Feudal Age |
| 11:14 | Build | Market |
| 11:18 | Build | Blacksmith |
| 11:52 | Build | Farm |
| 12:12 | Research | Castle Age |
| 13:17 | Research | Double-Bit Axe |
| 13:19 | Research | Horse Collar |
| 13:34 | Build | House |
| 14:32 | Create | Villager (Male) |
| 14:32 | Create | Villager (Male) |
| 14:52 | Age | Castle Age |
| 14:55 | Build | Town Center |
| 14:59 | Build | Town Center |
| 15:07 | Create | Villager (Male) |
| 15:07 | Create | Villager (Male) |
| 15:07 | Create | Villager (Male) |
| 15:39 | Research | Wheelbarrow |
| 15:49 | Build | Mill |
| 15:53 | Create | Villager (Male) |
| 15:54 | Create | Villager (Male) |
| 16:28 | Build | Farm |
| 16:29 | Build | Farm |
| 16:39 | Create | Villager (Male) |
| 16:40 | Create | Villager (Male) |
| 16:40 | Create | Villager (Male) |
| 16:40 | Create | Villager (Male) |
| 16:48 | Build | Farm |
| 17:06 | Build | Farm |
| 17:07 | Create | Villager (Male) |
| 17:07 | Create | Villager (Male) |
| 17:08 | Create | Villager (Male) |
| 17:18 | Create | Villager (Male) |
| 17:18 | Create | Villager (Male) |
| 17:21 | Build | Farm |
| 17:30 | Research | Loom |
| 17:35 | Create | Villager (Male) |
| 17:37 | Create | Villager (Male) |
| 17:37 | Create | Villager (Male) |
| 17:54 | Build | House |
| 17:55 | Build | House |
| 17:57 | Build | House |
| 17:59 | Create | Villager (Male) |
| 18:12 | Create | Villager (Male) |
| 18:12 | Create | Villager (Male) |
| 18:29 | Create | Villager (Male) |
| 18:29 | Create | Villager (Male) |
| 18:40 | Create | Villager (Male) |
| 18:43 | Build | Farm |
| 18:45 | Create | Villager (Male) |
| 18:50 | Build | Farm |
| 18:51 | Build | Farm |
| 19:06 | Build | Farm |
| 19:09 | Build | Farm |
| 19:14 | Build | Mill |
| 19:20 | Create | Villager (Male) |
| 19:21 | Create | Villager (Male) |
| 19:21 | Create | Villager (Male) |
| 19:21 | Create | Villager (Male) |
| 19:24 | Build | House |
| 19:26 | Build | House |
| 19:28 | Create | Villager (Male) |
| 19:38 | Build | Farm |
| 19:43 | Create | Villager (Male) |
| 19:43 | Create | Villager (Male) |
| 19:59 | Build | Farm |
| 20:00 | Build | Farm |
| 20:01 | Create | Villager (Male) |
| 20:01 | Create | Villager (Male) |
| 20:13 | Create | Villager (Male) |
| 20:14 | Create | Villager (Male) |
| 20:20 | Create | Villager (Male) |
| 20:21 | Create | Villager (Male) |
| 20:35 | Build | House |
| 20:38 | Build | Farm |
| 20:38 | Build | Farm |
| 20:39 | Build | Farm |
| 20:44 | Build | Farm |
| 20:47 | Build | Farm |
| 20:52 | Create | Villager (Male) |
| 20:52 | Create | Villager (Male) |
| 20:52 | Create | Villager (Male) |
| 20:55 | Build | Farm |
| 21:03 | Build | Monastery |
| 21:07 | Build | House |
| 21:12 | Build | Farm |
| 21:13 | Create | Villager (Male) |
| 21:14 | Create | Villager (Male) |
| 21:14 | Create | Villager (Male) |
| 21:17 | Research | Bow Saw |
| 21:17 | Research | Bow Saw |
| 21:25 | Research | Heavy Plow |
| 21:25 | Research | Heavy Plow |
| 21:31 | Build | Farm |
| 21:36 | Build | Farm |
| 21:50 | Build | Farm |
| 22:04 | Create | Villager (Male) |
| 22:04 | Create | Villager (Male) |
| 22:04 | Create | Villager (Male) |
| 22:04 | Create | Villager (Male) |
| 22:05 | Create | Villager (Male) |
| 22:10 | Build | House |
| 22:13 | Create | Monk |
| 22:24 | Create | Villager (Male) |
| 22:24 | Create | Villager (Male) |
| 22:37 | Build | Mill |
| 22:39 | Build | Farm |
| 22:44 | Create | Villager (Male) |
| 22:44 | Create | Villager (Male) |
| 22:48 | Build | House |
| 22:49 | Build | House |
| 23:07 | Build | University |
| 23:13 | Build | Farm |
Build order — 小溪狗
First 150 of 333 actions detected
| 0:04 | Create | Villager (Male) |
| 0:04 | Create | Villager (Male) |
| 0:06 | Build | House |
| 0:18 | Build | House |
| 0:29 | Create | Villager (Male) |
| 0:34 | Create | Villager (Male) |
| 1:44 | Create | Villager (Male) |
| 2:06 | Create | Villager (Male) |
| 2:34 | Create | Villager (Male) |
| 2:56 | Create | Villager (Male) |
| 3:08 | Create | Villager (Male) |
| 3:18 | Build | House |
| 3:26 | Create | Villager (Male) |
| 3:39 | Create | Villager (Male) |
| 3:53 | Build | Lumber Camp |
| 3:54 | Create | Villager (Male) |
| 4:08 | Create | Villager (Male) |
| 4:39 | Create | Villager (Male) |
| 5:00 | Create | Villager (Male) |
| 5:03 | Create | Villager (Male) |
| 5:15 | Create | Villager (Male) |
| 5:45 | Create | Villager (Male) |
| 5:51 | Create | Villager (Male) |
| 5:59 | Create | Villager (Male) |
| 6:06 | Build | House |
| 6:27 | Create | Villager (Male) |
| 6:45 | Create | Villager (Male) |
| 6:54 | Create | Villager (Male) |
| 6:58 | Build | Mill |
| 7:04 | Create | Villager (Male) |
| 7:14 | Create | Villager (Male) |
| 7:19 | Build | House |
| 7:22 | Create | Villager (Male) |
| 7:37 | Create | Villager (Male) |
| 7:39 | Build | Farm |
| 7:45 | Build | Farm |
| 7:50 | Build | Farm |
| 8:08 | Build | Farm |
| 8:25 | Build | Mining Camp |
| 8:41 | Create | Villager (Male) |
| 9:00 | Build | Mining Camp |
| 9:04 | Research | Feudal Age |
| 9:44 | Create | Villager (Male) |
| 9:45 | Create | Villager (Male) |
| 11:24 | Age | Feudal Age |
| 11:27 | Build | Market |
| 11:28 | Build | Blacksmith |
| 12:23 | Research | Castle Age |
| 12:23 | Research | Castle Age |
| 12:23 | Research | Castle Age |
| 13:01 | Research | Horse Collar |
| 13:26 | Research | Double-Bit Axe |
| 13:45 | Create | Villager (Male) |
| 13:49 | Build | Farm |
| 13:50 | Build | Farm |
| 13:52 | Build | Farm |
| 14:48 | Build | House |
| 14:49 | Build | House |
| 15:03 | Age | Castle Age |
| 15:08 | Create | Villager (Male) |
| 15:22 | Create | Villager (Male) |
| 15:27 | Build | Castle |
| 15:48 | Build | Farm |
| 15:57 | Create | Villager (Male) |
| 16:00 | Build | Farm |
| 16:09 | Build | Farm |
| 16:10 | Build | Farm |
| 16:23 | Create | Conquistador |
| 16:28 | Build | Farm |
| 16:29 | Build | Farm |
| 16:39 | Build | Farm |
| 16:42 | Build | Farm |
| 16:48 | Create | Villager (Male) |
| 16:48 | Create | Conquistador |
| 17:06 | Build | Farm |
| 17:10 | Build | Farm |
| 17:15 | Create | Villager (Male) |
| 17:16 | Create | Conquistador |
| 17:26 | Build | Farm |
| 17:31 | Create | Conquistador |
| 17:33 | Create | Villager (Male) |
| 17:56 | Create | Petard |
| 17:57 | Create | Petard |
| 18:30 | Create | Conquistador |
| 18:39 | Create | Villager (Male) |
| 18:40 | Build | Farm |
| 18:45 | Build | Farm |
| 18:46 | Build | Farm |
| 18:50 | Create | Conquistador |
| 19:22 | Create | Villager (Male) |
| 19:24 | Research | Loom |
| 19:30 | Build | Farm |
| 19:33 | Build | Farm |
| 19:45 | Create | Conquistador |
| 19:45 | Create | Conquistador |
| 19:52 | Create | Conquistador |
| 20:10 | Research | Wheelbarrow |
| 20:33 | Create | Conquistador |
| 20:51 | Create | Conquistador |
| 20:52 | Create | Villager (Male) |
| 21:04 | Create | Conquistador |
| 21:07 | Build | Farm |
| 21:12 | Build | Town Center |
| 21:27 | Create | Conquistador |
| 21:29 | Create | Villager (Male) |
| 21:58 | Create | Villager (Male) |
| 22:27 | Create | Conquistador |
| 22:30 | Create | Villager (Male) |
| 22:33 | Research | Hand Cart |
| 22:34 | Create | Villager (Male) |
| 22:40 | Create | Villager (Male) |
| 22:55 | Create | Villager (Male) |
| 23:29 | Build | Town Center |
| 23:40 | Create | Villager (Male) |
| 23:44 | Create | Villager (Male) |
| 23:56 | Create | Villager (Male) |
| 24:04 | Create | Villager (Male) |
| 24:07 | Create | Villager (Male) |
| 24:11 | Create | Villager (Male) |
| 24:17 | Create | Villager (Male) |
| 24:20 | Research | Bow Saw |
| 24:21 | Research | Bow Saw |
| 24:36 | Create | Villager (Male) |
| 24:44 | Create | Villager (Male) |
| 24:48 | Create | Villager (Male) |
| 25:04 | Create | Villager (Male) |
| 25:19 | Create | Villager (Male) |
| 25:19 | Create | Villager (Male) |
| 25:32 | Create | Villager (Male) |
| 25:40 | Build | Farm |
| 25:41 | Build | Farm |
| 25:42 | Build | Farm |
| 25:43 | Build | Farm |
| 25:45 | Build | Farm |
| 25:47 | Create | Villager (Male) |
| 25:51 | Build | Farm |
| 25:52 | Build | Farm |
| 25:52 | Build | Farm |
| 25:57 | Build | Farm |
| 25:58 | Build | Farm |
| 25:59 | Build | Farm |
| 26:00 | Create | Villager (Male) |
| 26:08 | Create | Villager (Male) |
| 26:10 | Build | Farm |
| 26:15 | Build | Farm |
| 26:16 | Build | Farm |
| 26:18 | Create | Villager (Male) |
| 26:18 | Create | Villager (Male) |
| 26:23 | Build | Farm |
| 26:24 | Build | Farm |
Build order — 雀巢阿帆
First 150 of 270 actions detected
| 0:00 | Create | Villager (Male) |
| 0:00 | Create | Villager (Male) |
| 0:02 | Build | House |
| 0:04 | Build | House |
| 0:18 | Create | Villager (Male) |
| 0:18 | Create | Villager (Male) |
| 1:26 | Create | Villager (Male) |
| 1:26 | Create | Villager (Male) |
| 1:56 | Build | Lumber Camp |
| 2:01 | Create | Villager (Male) |
| 2:14 | Create | Villager (Male) |
| 2:55 | Create | Villager (Male) |
| 2:55 | Create | Villager (Male) |
| 3:04 | Create | Villager (Male) |
| 3:24 | Build | House |
| 3:25 | Build | House |
| 3:26 | Build | House |
| 3:38 | Create | Villager (Male) |
| 3:55 | Create | Villager (Male) |
| 3:56 | Create | Villager (Male) |
| 4:34 | Create | Villager (Male) |
| 4:34 | Create | Villager (Male) |
| 4:39 | Build | Mill |
| 5:03 | Create | Villager (Male) |
| 5:03 | Create | Villager (Male) |
| 5:03 | Create | Villager (Male) |
| 5:13 | Create | Villager (Male) |
| 5:58 | Build | Mining Camp |
| 6:21 | Create | Villager (Male) |
| 6:21 | Create | Villager (Male) |
| 6:35 | Create | Villager (Male) |
| 7:19 | Build | Mining Camp |
| 7:27 | Create | Villager (Male) |
| 7:57 | Create | Villager (Male) |
| 8:12 | Build | Lumber Camp |
| 8:16 | Create | Villager (Male) |
| 8:50 | Research | Feudal Age |
| 9:14 | Build | Farm |
| 9:47 | Create | Villager (Male) |
| 9:47 | Create | Villager (Male) |
| 11:01 | Age | Feudal Age |
| 11:03 | Build | Market |
| 11:05 | Build | Blacksmith |
| 11:31 | Create | Villager (Male) |
| 11:36 | Build | Farm |
| 11:44 | Research | Loom |
| 11:55 | Build | House |
| 12:02 | Build | Farm |
| 12:05 | Build | Farm |
| 12:10 | Build | Farm |
| 12:37 | Build | Farm |
| 12:40 | Create | Villager (Male) |
| 13:11 | Build | Farm |
| 13:14 | Create | Villager (Male) |
| 13:50 | Research | Castle Age |
| 14:35 | Research | Double-Bit Axe |
| 14:41 | Build | Farm |
| 15:16 | Research | Horse Collar |
| 15:21 | Create | Villager (Male) |
| 15:22 | Create | Villager (Male) |
| 16:28 | Build | Farm |
| 16:30 | Age | Castle Age |
| 16:34 | Build | Town Center |
| 16:44 | Build | Town Center |
| 16:49 | Research | Bow Saw |
| 16:53 | Create | Villager (Male) |
| 16:56 | Build | Farm |
| 17:04 | Build | Castle |
| 17:07 | Create | Villager (Male) |
| 17:13 | Create | Villager (Male) |
| 17:16 | Build | Farm |
| 17:29 | Build | Farm |
| 17:39 | Create | Villager (Male) |
| 17:47 | Create | Villager (Male) |
| 17:52 | Build | Farm |
| 17:53 | Create | Villager (Male) |
| 17:59 | Create | Villager (Male) |
| 18:05 | Create | Villager (Male) |
| 18:14 | Build | Farm |
| 18:16 | Create | Villager (Male) |
| 18:26 | Build | House |
| 18:28 | Build | House |
| 18:32 | Create | Villager (Male) |
| 18:39 | Build | Farm |
| 18:40 | Create | Villager (Male) |
| 18:53 | Create | Villager (Male) |
| 19:05 | Build | Farm |
| 19:06 | Create | Villager (Male) |
| 19:08 | Build | Farm |
| 19:11 | Build | Farm |
| 19:14 | Create | Villager (Male) |
| 19:25 | Create | Villager (Male) |
| 19:33 | Build | Farm |
| 19:37 | Create | Villager (Male) |
| 19:41 | Build | Farm |
| 19:43 | Create | Villager (Male) |
| 19:48 | Build | Farm |
| 19:49 | Create | Villager (Male) |
| 19:53 | Build | Farm |
| 19:54 | Create | Villager (Male) |
| 19:57 | Build | Farm |
| 19:58 | Create | Villager (Male) |
| 20:01 | Create | Villager (Male) |
| 20:08 | Build | Farm |
| 20:09 | Create | Villager (Male) |
| 20:12 | Build | Farm |
| 20:13 | Create | Villager (Male) |
| 20:16 | Build | Farm |
| 20:21 | Build | Farm |
| 20:22 | Create | Villager (Male) |
| 20:29 | Build | House |
| 20:33 | Create | Villager (Male) |
| 20:37 | Build | Farm |
| 20:38 | Create | Villager (Male) |
| 20:42 | Create | Villager (Male) |
| 20:48 | Build | Farm |
| 20:53 | Build | Farm |
| 20:54 | Create | Villager (Male) |
| 21:03 | Build | House |
| 21:05 | Build | House |
| 21:06 | Create | Villager (Male) |
| 21:11 | Create | Villager (Male) |
| 21:15 | Build | Farm |
| 21:16 | Create | Villager (Male) |
| 21:22 | Build | Mill |
| 21:23 | Create | Villager (Male) |
| 21:27 | Build | Farm |
| 21:32 | Create | Villager (Male) |
| 21:43 | Research | Wheelbarrow |
| 21:44 | Create | Villager (Male) |
| 21:52 | Build | Farm |
| 21:53 | Create | Villager (Male) |
| 21:56 | Create | Villager (Male) |
| 22:00 | Build | House |
| 22:01 | Create | Villager (Male) |
| 22:09 | Create | Villager (Male) |
| 22:17 | Create | Villager (Male) |
| 22:22 | Create | Villager (Male) |
| 22:26 | Build | Farm |
| 22:27 | Create | Villager (Male) |
| 22:31 | Create | Villager (Male) |
| 22:36 | Create | Villager (Male) |
| 22:39 | Build | House |
| 22:41 | Create | Villager (Male) |
| 22:48 | Build | Lumber Camp |
| 22:52 | Create | Villager (Male) |
| 22:55 | Research | Heavy Plow |
| 23:01 | Create | Villager (Male) |
| 23:08 | Build | University |
| 23:09 | Create | Villager (Male) |
Build order — 大儒炸鱼号
First 150 of 448 actions detected
| 0:00 | Create | Villager (Male) |
| 0:01 | Create | Villager (Male) |
| 0:02 | Build | House |
| 0:03 | Build | House |
| 0:04 | Create | Villager (Male) |
| 0:07 | Create | Villager (Male) |
| 1:25 | Create | Villager (Male) |
| 1:52 | Build | Lumber Camp |
| 1:57 | Create | Villager (Male) |
| 2:16 | Create | Villager (Male) |
| 2:50 | Create | Villager (Male) |
| 2:53 | Create | Villager (Male) |
| 3:26 | Build | House |
| 3:26 | Build | House |
| 3:49 | Create | Villager (Male) |
| 3:49 | Create | Villager (Male) |
| 4:00 | Create | Villager (Male) |
| 4:26 | Build | Mill |
| 4:37 | Create | Villager (Male) |
| 4:53 | Create | Villager (Male) |
| 5:23 | Create | Villager (Male) |
| 5:29 | Create | Villager (Male) |
| 5:50 | Create | Villager (Male) |
| 6:31 | Create | Villager (Male) |
| 6:38 | Create | Villager (Male) |
| 6:50 | Create | Villager (Male) |
| 7:01 | Create | Villager (Male) |
| 7:57 | Research | Feudal Age |
| 8:17 | Create | Villager (Male) |
| 8:17 | Create | Villager (Male) |
| 9:14 | Build | Farm |
| 9:17 | Build | Farm |
| 9:23 | Build | Farm |
| 10:09 | Age | Feudal Age |
| 10:11 | Build | Market |
| 10:20 | Build | Blacksmith |
| 10:25 | Build | House |
| 11:01 | Research | Castle Age |
| 11:01 | Research | Castle Age |
| 11:12 | Research | Double-Bit Axe |
| 11:13 | Research | Double-Bit Axe |
| 11:13 | Research | Horse Collar |
| 11:14 | Research | Horse Collar |
| 11:45 | Build | Farm |
| 11:47 | Build | Farm |
| 12:28 | Build | Mining Camp |
| 12:34 | Create | Villager (Male) |
| 13:41 | Age | Castle Age |
| 13:45 | Build | Town Center |
| 13:47 | Build | Town Center |
| 13:51 | Research | Bow Saw |
| 13:54 | Create | Villager (Male) |
| 14:19 | Build | Farm |
| 14:21 | Build | Farm |
| 14:24 | Build | Farm |
| 14:30 | Create | Villager (Male) |
| 15:05 | Create | Villager (Male) |
| 15:12 | Build | Farm |
| 15:14 | Build | Farm |
| 15:24 | Create | Villager (Male) |
| 15:24 | Create | Villager (Male) |
| 15:35 | Build | Farm |
| 15:38 | Build | Farm |
| 15:45 | Create | Villager (Male) |
| 15:49 | Build | Farm |
| 15:58 | Create | Villager (Male) |
| 16:06 | Build | Farm |
| 16:16 | Create | Villager (Male) |
| 16:16 | Create | Villager (Male) |
| 16:19 | Build | Farm |
| 16:23 | Create | Villager (Male) |
| 16:38 | Create | Villager (Male) |
| 16:47 | Build | Farm |
| 16:49 | Create | Villager (Male) |
| 16:54 | Build | Farm |
| 16:56 | Create | Villager (Male) |
| 17:03 | Build | Farm |
| 17:04 | Create | Villager (Male) |
| 17:10 | Build | House |
| 17:15 | Create | Villager (Male) |
| 17:23 | Build | House |
| 17:27 | Build | Farm |
| 17:33 | Build | Farm |
| 17:34 | Create | Villager (Male) |
| 17:36 | Build | Farm |
| 17:37 | Create | Villager (Male) |
| 17:37 | Create | Villager (Male) |
| 17:38 | Build | Farm |
| 17:45 | Create | Villager (Male) |
| 17:48 | Build | House |
| 17:48 | Build | House |
| 17:49 | Create | Villager (Male) |
| 17:54 | Build | Farm |
| 17:58 | Build | Farm |
| 18:03 | Create | Villager (Male) |
| 18:11 | Create | Villager (Male) |
| 18:11 | Create | Villager (Male) |
| 18:14 | Build | House |
| 18:16 | Create | Villager (Male) |
| 18:21 | Create | Villager (Male) |
| 18:21 | Create | Villager (Male) |
| 18:28 | Create | Villager (Male) |
| 18:40 | Create | Villager (Male) |
| 18:44 | Build | House |
| 18:45 | Create | Villager (Male) |
| 18:49 | Build | Farm |
| 18:51 | Build | Farm |
| 18:52 | Build | Farm |
| 18:53 | Create | Villager (Male) |
| 18:54 | Create | Villager (Male) |
| 19:01 | Build | Mill |
| 19:01 | Create | Villager (Male) |
| 19:05 | Create | Villager (Male) |
| 19:05 | Create | Villager (Male) |
| 19:14 | Build | House |
| 19:15 | Create | Villager (Male) |
| 19:21 | Create | Villager (Male) |
| 19:23 | Create | Villager (Male) |
| 19:24 | Create | Villager (Male) |
| 19:27 | Build | Farm |
| 19:33 | Build | Farm |
| 19:34 | Create | Villager (Male) |
| 19:35 | Create | Villager (Male) |
| 19:36 | Create | Villager (Male) |
| 19:43 | Research | Wheelbarrow |
| 19:43 | Research | Wheelbarrow |
| 19:43 | Create | Villager (Male) |
| 19:48 | Build | House |
| 19:49 | Create | Villager (Male) |
| 19:53 | Build | House |
| 19:54 | Create | Villager (Male) |
| 20:00 | Create | Villager (Male) |
| 20:03 | Create | Villager (Male) |
| 20:06 | Build | Farm |
| 20:07 | Create | Villager (Male) |
| 20:13 | Create | Villager (Male) |
| 20:18 | Create | Villager (Male) |
| 20:28 | Build | Farm |
| 20:33 | Create | Villager (Male) |
| 20:34 | Create | Villager (Male) |
| 20:35 | Create | Villager (Male) |
| 20:41 | Build | Castle |
| 20:44 | Create | Villager (Male) |
| 20:50 | Create | Villager (Male) |
| 20:51 | Create | Villager (Male) |
| 20:52 | Build | House |
| 20:53 | Build | House |
| 20:54 | Create | Villager (Male) |
| 20:55 | Create | Villager (Male) |
| 20:58 | Create | Villager (Male) |
Build order — yuyuyuyuyu
First 150 of 271 actions detected
| 0:01 | Create | Villager (Male) |
| 0:01 | Create | Villager (Male) |
| 0:02 | Build | House |
| 0:03 | Build | House |
| 0:20 | Create | Villager (Male) |
| 0:20 | Create | Villager (Male) |
| 0:21 | Create | Villager (Male) |
| 1:08 | Create | Villager (Male) |
| 1:48 | Build | Lumber Camp |
| 1:51 | Create | Villager (Male) |
| 1:51 | Create | Villager (Male) |
| 2:15 | Create | Villager (Male) |
| 2:43 | Create | Villager (Male) |
| 2:43 | Create | Villager (Male) |
| 3:07 | Create | Villager (Male) |
| 3:07 | Create | Villager (Male) |
| 3:41 | Create | Villager (Male) |
| 3:41 | Create | Villager (Male) |
| 3:51 | Build | House |
| 3:53 | Build | House |
| 4:18 | Create | Villager (Male) |
| 4:20 | Create | Villager (Male) |
| 4:49 | Create | Villager (Male) |
| 4:49 | Create | Villager (Male) |
| 5:44 | Create | Villager (Male) |
| 5:44 | Create | Villager (Male) |
| 5:45 | Create | Villager (Male) |
| 5:45 | Create | Villager (Male) |
| 5:54 | Build | Mill |
| 5:56 | Create | Villager (Male) |
| 7:33 | Build | Farm |
| 7:36 | Create | Villager (Male) |
| 7:36 | Create | Villager (Male) |
| 8:25 | Build | Mining Camp |
| 8:33 | Research | Feudal Age |
| 8:36 | Build | Farm |
| 9:27 | Build | Mining Camp |
| 9:31 | Create | Villager (Male) |
| 9:32 | Create | Villager (Male) |
| 9:42 | Build | House |
| 10:29 | Build | Farm |
| 10:56 | Age | Feudal Age |
| 11:00 | Build | Market |
| 11:04 | Build | Blacksmith |
| 11:25 | Create | Villager (Male) |
| 11:53 | Research | Castle Age |
| 11:57 | Research | Double-Bit Axe |
| 12:02 | Build | Farm |
| 12:15 | Build | Farm |
| 13:03 | Create | Villager (Male) |
| 13:03 | Create | Villager (Male) |
| 13:18 | Build | House |
| 13:38 | Research | Horse Collar |
| 13:56 | Build | Farm |
| 14:28 | Create | Villager (Male) |
| 14:51 | Age | Castle Age |
| 14:53 | Build | Castle |
| 15:02 | Create | Villager (Male) |
| 15:06 | Research | Bow Saw |
| 15:09 | Research | Heavy Plow |
| 15:21 | Create | Villager (Male) |
| 15:32 | Build | Farm |
| 15:47 | Build | Farm |
| 15:52 | Build | Farm |
| 16:04 | Create | Genoese Crossbowman |
| 16:15 | Create | Genoese Crossbowman |
| 16:20 | Build | Farm |
| 16:25 | Create | Villager (Male) |
| 16:26 | Create | Villager (Male) |
| 16:46 | Build | Lumber Camp |
| 17:13 | Create | Villager (Male) |
| 17:18 | Create | Genoese Crossbowman |
| 17:19 | Create | Genoese Crossbowman |
| 17:31 | Build | House |
| 17:39 | Build | Farm |
| 17:52 | Create | Genoese Crossbowman |
| 17:55 | Create | Genoese Crossbowman |
| 17:58 | Create | Villager (Male) |
| 18:02 | Build | House |
| 18:30 | Build | House |
| 18:36 | Create | Villager (Male) |
| 18:37 | Create | Villager (Male) |
| 18:48 | Build | University |
| 18:58 | Create | Villager (Male) |
| 19:01 | Research | Gold Mining |
| 19:11 | Build | Farm |
| 19:22 | Create | Villager (Male) |
| 19:33 | Build | Farm |
| 19:39 | Create | Villager (Male) |
| 19:56 | Build | Farm |
| 19:59 | Build | Farm |
| 20:01 | Create | Villager (Male) |
| 20:02 | Create | Genoese Crossbowman |
| 20:04 | Create | Genoese Crossbowman |
| 20:06 | Build | House |
| 20:20 | Research | Loom |
| 20:22 | Create | Villager (Male) |
| 20:36 | Build | House |
| 20:41 | Create | Villager (Male) |
| 20:45 | Create | Villager (Male) |
| 20:50 | Build | Farm |
| 20:50 | Build | Farm |
| 20:52 | Research | Fletching |
| 20:59 | Create | Genoese Crossbowman |
| 21:00 | Create | Genoese Crossbowman |
| 21:04 | Build | House |
| 21:10 | Research | Ballistics |
| 21:10 | Research | Ballistics |
| 21:18 | Create | Genoese Crossbowman |
| 21:22 | Research | Bodkin Arrow |
| 21:40 | Create | Genoese Crossbowman |
| 21:40 | Create | Genoese Crossbowman |
| 21:46 | Build | Farm |
| 21:47 | Build | Farm |
| 22:03 | Build | Farm |
| 22:06 | Create | Villager (Male) |
| 22:06 | Create | Villager (Male) |
| 22:06 | Create | Villager (Male) |
| 22:32 | Create | Genoese Crossbowman |
| 22:36 | Build | Farm |
| 22:36 | Build | Farm |
| 22:37 | Create | Genoese Crossbowman |
| 22:53 | Create | Villager (Male) |
| 22:59 | Build | Farm |
| 23:08 | Build | Mining Camp |
| 23:27 | Create | Villager (Male) |
| 23:41 | Create | Villager (Male) |
| 23:53 | Research | Imperial Age |
| 23:53 | Research | Imperial Age |
| 23:54 | Create | Villager (Male) |
| 23:55 | Create | Villager (Male) |
| 24:45 | Create | Genoese Crossbowman |
| 24:46 | Create | Genoese Crossbowman |
| 24:48 | Research | Padded Archer Armor |
| 25:27 | Create | Villager (Male) |
| 25:52 | Create | Genoese Crossbowman |
| 25:52 | Create | Genoese Crossbowman |
| 25:53 | Create | Genoese Crossbowman |
| 25:54 | Research | Leather Archer Armor |
| 26:03 | Build | Siege Workshop |
| 26:06 | Create | Genoese Crossbowman |
| 26:06 | Create | Genoese Crossbowman |
| 26:13 | Create | Villager (Male) |
| 26:29 | Build | Lumber Camp |
| 27:03 | Build | House |
| 27:05 | Build | House |
| 27:11 | Build | House |
| 27:12 | Build | House |
| 27:12 | Build | House |
| 27:13 | Build | House |
Build order — .
First 150 of 618 actions detected
| 0:01 | Create | Villager (Male) |
| 0:01 | Create | Villager (Male) |
| 0:02 | Build | House |
| 0:03 | Build | House |
| 0:29 | Create | Villager (Male) |
| 0:30 | Create | Villager (Male) |
| 1:13 | Create | Villager (Male) |
| 1:54 | Create | Villager (Male) |
| 1:54 | Create | Villager (Male) |
| 2:11 | Build | Lumber Camp |
| 2:17 | Create | Villager (Male) |
| 2:17 | Create | Villager (Male) |
| 2:53 | Create | Villager (Male) |
| 3:03 | Create | Villager (Male) |
| 3:25 | Build | House |
| 3:26 | Build | House |
| 3:53 | Create | Villager (Male) |
| 3:54 | Create | Villager (Male) |
| 4:36 | Build | Mill |
| 4:39 | Create | Villager (Male) |
| 4:40 | Create | Villager (Male) |
| 5:00 | Create | Villager (Male) |
| 5:53 | Create | Villager (Male) |
| 6:15 | Create | Villager (Male) |
| 6:41 | Create | Villager (Male) |
| 6:41 | Create | Villager (Male) |
| 7:37 | Build | Mining Camp |
| 7:52 | Research | Feudal Age |
| 8:38 | Create | Villager (Male) |
| 8:57 | Build | Farm |
| 9:29 | Create | Villager (Male) |
| 10:06 | Age | Feudal Age |
| 10:11 | Build | Blacksmith |
| 10:13 | Build | Market |
| 10:47 | Build | Farm |
| 11:07 | Research | Castle Age |
| 11:41 | Create | Villager (Male) |
| 11:50 | Build | House |
| 12:15 | Research | Horse Collar |
| 12:38 | Build | House |
| 13:47 | Age | Castle Age |
| 13:53 | Build | Town Center |
| 13:55 | Build | Town Center |
| 14:05 | Build | Lumber Camp |
| 14:06 | Create | Villager (Male) |
| 14:17 | Create | Villager (Male) |
| 14:51 | Build | Farm |
| 14:53 | Create | Villager (Male) |
| 15:01 | Create | Villager (Male) |
| 15:05 | Build | Farm |
| 15:06 | Create | Villager (Male) |
| 15:09 | Build | Farm |
| 15:11 | Build | Farm |
| 15:15 | Build | Farm |
| 15:15 | Create | Villager (Male) |
| 15:20 | Create | Villager (Male) |
| 15:22 | Build | Farm |
| 15:26 | Create | Villager (Male) |
| 15:29 | Create | Villager (Male) |
| 15:32 | Build | Farm |
| 15:34 | Build | Farm |
| 15:55 | Research | Loom |
| 15:58 | Build | Farm |
| 16:00 | Build | Farm |
| 16:02 | Create | Villager (Male) |
| 16:02 | Create | Villager (Male) |
| 16:07 | Build | Farm |
| 16:09 | Build | Farm |
| 16:10 | Create | Villager (Male) |
| 16:10 | Create | Villager (Male) |
| 16:11 | Create | Villager (Male) |
| 16:18 | Build | Farm |
| 16:22 | Build | Farm |
| 16:25 | Build | Farm |
| 16:30 | Create | Villager (Male) |
| 16:30 | Create | Villager (Male) |
| 16:30 | Create | Villager (Male) |
| 16:33 | Build | House |
| 16:39 | Create | Villager (Male) |
| 16:39 | Create | Villager (Male) |
| 16:40 | Create | Villager (Male) |
| 16:40 | Create | Villager (Male) |
| 16:42 | Build | Farm |
| 16:47 | Build | Farm |
| 16:52 | Build | Farm |
| 16:56 | Create | Villager (Male) |
| 16:56 | Create | Villager (Male) |
| 16:57 | Create | Villager (Male) |
| 16:57 | Create | Villager (Male) |
| 17:02 | Create | Villager (Male) |
| 17:02 | Create | Villager (Male) |
| 17:04 | Build | House |
| 17:05 | Build | House |
| 17:07 | Create | Villager (Male) |
| 17:07 | Create | Villager (Male) |
| 17:10 | Build | Farm |
| 17:13 | Build | Farm |
| 17:25 | Build | Farm |
| 17:29 | Create | Villager (Male) |
| 17:29 | Create | Villager (Male) |
| 17:29 | Create | Villager (Male) |
| 17:29 | Create | Villager (Male) |
| 17:31 | Create | Villager (Male) |
| 17:32 | Create | Villager (Male) |
| 17:32 | Create | Villager (Male) |
| 17:32 | Create | Villager (Male) |
| 17:36 | Create | Villager (Male) |
| 17:36 | Create | Villager (Male) |
| 17:37 | Create | Villager (Male) |
| 17:40 | Build | Farm |
| 17:46 | Build | House |
| 17:47 | Create | Villager (Male) |
| 17:47 | Create | Villager (Male) |
| 17:48 | Create | Villager (Male) |
| 17:58 | Create | Villager (Male) |
| 17:59 | Create | Villager (Male) |
| 17:59 | Create | Villager (Male) |
| 18:02 | Create | Villager (Male) |
| 18:02 | Create | Villager (Male) |
| 18:02 | Create | Villager (Male) |
| 18:07 | Build | Farm |
| 18:07 | Create | Villager (Male) |
| 18:09 | Build | Farm |
| 18:23 | Create | Villager (Male) |
| 18:24 | Create | Villager (Male) |
| 18:24 | Create | Villager (Male) |
| 18:25 | Create | Villager (Male) |
| 18:26 | Create | Villager (Male) |
| 18:26 | Create | Villager (Male) |
| 18:30 | Build | House |
| 18:31 | Create | Villager (Male) |
| 18:31 | Create | Villager (Male) |
| 18:33 | Build | Farm |
| 18:34 | Build | Farm |
| 18:35 | Build | Farm |
| 18:36 | Build | Farm |
| 18:48 | Research | Wheelbarrow |
| 18:48 | Research | Wheelbarrow |
| 18:52 | Create | Villager (Male) |
| 18:52 | Create | Villager (Male) |
| 18:52 | Create | Villager (Male) |
| 18:52 | Create | Villager (Male) |
| 18:53 | Create | Villager (Male) |
| 19:01 | Create | Villager (Male) |
| 19:01 | Create | Villager (Male) |
| 19:05 | Build | House |
| 19:07 | Build | House |
| 19:18 | Create | Villager (Male) |
| 19:18 | Create | Villager (Male) |
| 19:23 | Build | Mining Camp |
Match timeline
| 10:06 | . · age_up feudal |
| 10:07 | 飞天的飞 · age_up feudal |
| 10:09 | 大儒炸鱼号 · age_up feudal |
| 10:56 | yuyuyuyuyu · age_up feudal |
| 11:00 | 大儒炸鱼号 · first_market_sell 100 wood |
| 11:01 | 雀巢阿帆 · age_up feudal |
| 11:09 | 方中 · age_up feudal |
| 11:21 | 哪波你拉扯了 · age_up feudal |
| 11:24 | 小溪狗 · age_up feudal |
| 13:41 | 大儒炸鱼号 · age_up castle |
| 13:42 | 雀巢阿帆 · first_market_sell 100 stone |
| 13:44 | 雀巢阿帆 · first_market_buy 100 food |
| 13:47 | . · age_up castle |
| 13:52 | 飞天的飞 · age_up castle |
| 14:51 | 哪波你拉扯了 · age_up castle |
| 14:51 | yuyuyuyuyu · age_up castle |
| 14:52 | 方中 · age_up castle |
| 14:53 | yuyuyuyuyu · first_building Castle |
| 14:59 | 哪波你拉扯了 · first_building Monastery |
| 15:03 | 小溪狗 · age_up castle |
| 15:20 | . · first_market_buy 100 food |
| 15:27 | 小溪狗 · first_building Castle |
| 16:21 | 飞天的飞 · first_market_buy 100 food |
| 16:30 | 雀巢阿帆 · age_up castle |
| 16:48 | 飞天的飞 · first_market_sell 100 wood |
| 17:04 | 雀巢阿帆 · first_building Castle |
| 18:47 | . · first_market_sell 100 wood |
| 20:18 | . · first_building Siege Workshop |
| 20:41 | 大儒炸鱼号 · first_building Castle |
| 20:43 | . · first_building Monastery |
| 21:03 | 方中 · first_building Monastery |
| 21:16 | 大儒炸鱼号 · first_building Siege Workshop |
| 21:39 | 飞天的飞 · first_building Monastery |
| 22:45 | 大儒炸鱼号 · first_building Barracks |
| 23:08 | 飞天的飞 · wall_segment Stone Wall x1 |
| 23:33 | . · first_building Barracks |
| 23:36 | yuyuyuyuyu · first_market_sell 100 wood |
| 24:16 | 雀巢阿帆 · first_building Barracks |
| 24:22 | 飞天的飞 · first_building Castle |
| 25:21 | 飞天的飞 · first_building Barracks |
| 25:27 | 雀巢阿帆 · first_building Archery Range |
| 25:36 | 雀巢阿帆 · first_building Stable |
| 25:37 | 方中 · first_building Castle |
| 25:43 | 哪波你拉扯了 · first_building Barracks |
| 25:48 | 大儒炸鱼号 · age_up imperial |
| 26:03 | yuyuyuyuyu · first_building Siege Workshop |
| 26:16 | . · age_up imperial |
| 26:16 | 飞天的飞 · first_building Stable |
| 26:28 | 哪波你拉扯了 · first_building Stable |
| 26:37 | 雀巢阿帆 · first_building Siege Workshop |
| 26:39 | 雀巢阿帆 · wall_segment Stone Wall x2 |
| 26:44 | 雀巢阿帆 · wall_segment Stone Wall x8 |
| 26:49 | 雀巢阿帆 · wall_segment Stone Wall x1 |
| 26:50 | 雀巢阿帆 · wall_segment Stone Wall x1 |
| 26:51 | 雀巢阿帆 · wall_segment Stone Wall x1 |
| 26:51 | 雀巢阿帆 · wall_segment Stone Wall x1 |
| 26:56 | 方中 · first_building Barracks |
| 27:02 | 小溪狗 · first_market_buy 100 food |
| 27:02 | 雀巢阿帆 · wall_segment Stone Wall x1 |
| 27:04 | 雀巢阿帆 · wall_segment Stone Wall x1 |
| 27:13 | 雀巢阿帆 · wall_segment Stone Wall x1 |
| 27:15 | 雀巢阿帆 · wall_segment Stone Wall x1 |
| 27:16 | yuyuyuyuyu · age_up imperial |
| 27:18 | 雀巢阿帆 · wall_segment Stone Wall x1 |
| 27:24 | 雀巢阿帆 · wall_segment Stone Wall x1 |
| 27:25 | 方中 · age_up imperial |
| 27:27 | 小溪狗 · first_building Barracks |
| 27:29 | 雀巢阿帆 · wall_segment Stone Wall x1 |
| 27:30 | 雀巢阿帆 · wall_segment Stone Wall x1 |
| 27:35 | 方中 · first_building Stable |
| 27:39 | 哪波你拉扯了 · first_building Castle |
| 27:52 | 哪波你拉扯了 · first_building Archery Range |
| 28:00 | 哪波你拉扯了 · age_up imperial |
| 28:09 | 小溪狗 · first_building Archery Range |
| 28:12 | yuyuyuyuyu · first_market_buy 100 wood |
| 28:14 | 雀巢阿帆 · age_up imperial |
| 28:20 | yuyuyuyuyu · first_building Barracks |
| 28:26 | 飞天的飞 · age_up imperial |
| 28:27 | 飞天的飞 · wall_segment Stone Wall x8 |
| 28:37 | 飞天的飞 · first_building Archery Range |
| 28:57 | 飞天的飞 · wall_segment Stone Wall x1 |
| 28:58 | 飞天的飞 · wall_segment Stone Wall x1 |
| 29:00 | 飞天的飞 · wall_segment Stone Wall x1 |
| 29:15 | 飞天的飞 · first_building Siege Workshop |
| 30:32 | 小溪狗 · age_up imperial |
| 30:36 | 飞天的飞 · wall_segment Stone Wall x4 |
| 31:12 | 飞天的飞 · wall_segment Stone Wall x3 |
| 31:17 | 飞天的飞 · wall_segment Stone Wall x5 |
| 32:16 | 小溪狗 · first_building Siege Workshop |
| 33:46 | 方中 · first_market_buy 100 stone |
| 34:38 | 方中 · wall_segment Stone Wall x3 |
| 34:59 | . · first_building Stable |
| 35:11 | 方中 · wall_segment Stone Wall x14 |
| 36:33 | 雀巢阿帆 · resign |
| 37:21 | . · first_building Castle |
| 39:15 | 方中 · tribute_sent a jugador 1 |
| 39:15 | 方中 · tribute_sent a jugador 3 |
| 39:15 | 方中 · tribute_sent a jugador 4 |
| 39:15 | 方中 · tribute_sent a jugador 5 |
| 39:15 | 方中 · tribute_sent a jugador 6 |
| 39:15 | 方中 · tribute_sent a jugador 7 |
| 39:15 | 方中 · tribute_sent a jugador 8 |
| 39:22 | 大儒炸鱼号 · first_building Archery Range |
| 39:42 | 飞天的飞 · wall_segment Stone Wall x10 |
| 40:13 | 飞天的飞 · wall_segment Stone Wall x11 |
| 40:17 | 飞天的飞 · wall_segment Stone Wall x5 |
[ AI ANALYSIS · 1 CREDIT ]
What really happened in this match?
Wolo.gg analyzes every decision: build order, eco, micro, common mistakes by bracket. Personalized analysis on WhatsApp or Discord in 30 seconds.
Civ guide
Wei
Map guide
Arena
Perfil
Jugador #24924104